 Dungeon Crawl Stone Soup version 0.28.0-45-g0d030f2227 (webtiles) character file.

Game seed: 10648788128495436484

30080 RepoMan the Destroyer (level 13, -5/88 HPs)
             Began as an Octopode Conjurer on Apr 9, 2022.
             Was a Believer of the Shining One.
             Slain by a large abomination (33 damage)
             ... in a Gauntlet.
             The game lasted 01:51:35 (20446 turns).

RepoMan the Destroyer (Octopode Conjurer)          Turns: 20446, Time: 01:51:35

Health: -5/88      AC:  1    Str:  7    XL:     13   Next: 49%
Magic:  14/27      EV: 15    Int: 30    God:    the Shining One [**....]
Gold:   17         SH:  6    Dex: 17    Spells: 2/32 levels left

rFire   . . .      SeeInvis .   f - +0 whip (venom)
rCold   . . .      Faith    .   x - +0 buckler
rNeg    + + .      Spirit   .   (helmet restricted)
rPois   .          Reflect  .   (no amulet)
rElec   .          Harm     .   b - +6 ring of intelligence
rCorr   .          Rampage  .   a - ring of positive energy
Will    ++...      NoTele   +   u - +6 ring of dexterity
Stlth   ++........              w - ring of willpower
HPRegen 0.24/turn               y - ring of willpower
MPRegen 0.20/turn               (no ring)
                                (no ring)
                                (no ring)

@: glowing
A: almost no armour, amphibious, 8 rings, camouflage 1, gelatinous body 1,
(nimble swimmer 1), tentacles
a: Renounce Religion, Divine Shield


You were in a Gauntlet.
You worshipped the Shining One.
The Shining One was pleased with you.
You visited 3 branches of the dungeon, and saw 15 of its levels.
You also visited: Gauntlet.

You collected 788 gold pieces.
You spent 771 gold pieces at shops.

Inventory:

Hand Weapons
 f - a +0 whip of venom (weapon)
Missiles
 d - a throwing net
Armour
 x - a +0 buckler (worn)
Jewellery
 a - a ring of positive energy (right tentacle)
 b - a +6 ring of intelligence (left tentacle)
 r - a +4 ring of evasion
 u - a +6 ring of dexterity (on tentacle)
 w - a ring of willpower (on tentacle)
 y - a ring of willpower (on tentacle)
 z - a ring of see invisible
Wands
 p - a wand of charming (1)
 q - a wand of flame (8)
 A - a wand of acid (6)
Scrolls
 g - a scroll of silence
 h - 3 scrolls of amnesia
 i - 2 scrolls of teleportation
 l - a scroll of immolation
 o - 5 scrolls of magic mapping
 t - a scroll of blinking
Potions
 c - a potion of ambrosia
 e - 2 potions of flight
 j - 2 potions of lignification
 k - 3 potions of might
 m - 2 potions of brilliance
 n - 4 potions of curing
 s - a potion of heal wounds
 v - 2 potions of attraction {unknown}


   Skills:
 + Level 7.9 Fighting
 - Level 4.4 Dodging
 - Level 2.6 Stealth
 - Level 6.0 Shields
 - Level 10.0 Spellcasting
 - Level 14.0 Conjurations
 * Level 10.5 Air Magic
 + Level 1.6 Invocations


You had 2 spell levels left.
You knew the following spells:

 Your Spells              Type           Power      Damage    Failure   Level
a - Airstrike             Air            34%        N/A       1%          4
c - Mephitic Cloud        Conj/Pois/Air  59%        N/A       1%          3
d - Static Discharge      Conj/Air       73%        N/A       1%          2
f - Foxfire               Conj/Fire      100%       2x1d9     1%          1
l - Lightning Bolt        Conj/Air       36%        1d54      1%          5
m - Iskenderun's Mystic   Conj/Tloc      54%        2d12      2%          4
p - Fulminant Prism       Conj/Hex       27%        3d14      2%          4
q - Magic Dart            Conj           100%       1d8       0%          1
r - Searing Ray           Conj           100%       2d8       1%          2
s - Summon Lightning Spi  Summ/Air       46%        N/A       4%          4

Your spell library contained the following spells:

 Spells                   Type           Power      Damage    Failure   Level
 Call Imp                 Summ           15%        N/A       7%          2
 Dazzling Flash           Conj/Hex       100%       N/A       1%          3
 Maxwell's Capacitive Co  Air            34%        ∞         98%         8


Dungeon Overview and Level Annotations

Branches:
Dungeon (9/15)             Temple (1/1) D:5            Lair (5/6) D:8
  Swamp (0/4) Lair:3        Snake (0/4) Lair:4        Slime (0/5) Lair:5
    Orc (0/2) D:9         Gauntlet (1/1)

Altars:
Ashenzari
Cheibriados
Dithmenos
Elyvilon
Fedhas
Gozag
Hepliaklqana
Kikubaaqudgha
Makhleb
Nemelex Xobeh
Okawaru
Qazlal
Ru
Sif Muna
Trog
Uskayaw
Vehumet
Wu Jian
Xom
Yredelemnul
Zin
The Shining One

Shops:
D:1 (*!(*   D:7 :

Annotations:
D:6 Edmund Gauntlet 9 transporters


Innate Abilities, Weirdness & Mutations

You cannot wear most types of armour.
You are amphibious.
You can wear up to eight rings at the same time.
Your skin changes colour to match your surroundings (Stealth+).
Your rubbery body absorbs attacks. (AC +1, EV +1)
((You are camouflaged when in or above water. (Stealth+)))
You have tentacles for arms and can constrict up to eight enemies at once.


Message History

The small abomination slams into the translucent stone wall!
The small abomination is almost destroyed.
The mystic blast hits the large abomination!
The large abomination is heavily damaged.
The large abomination is knocked back by the mystic blast.
The large abomination slams into the translucent stone wall!
The large abomination is heavily damaged.
The large abomination hits you!!
Casting: Iskenderun's Mystic Blast (dangerous; 2% risk of failure)
Confirm with . or Enter, or press ? or * to list all spells.
You erupt in a blast of force!
The mystic blast hits the small abomination!
You destroy the small abomination!
The Shining One accepts your kill.
You feel better.
You feel your power returning.
The mystic blast hits the large abomination.
The large abomination is heavily damaged.
The large abomination hits you!!
Unknown command.
You feel much better.
You block the large abomination's attack.
Unknown command.
Casting: Iskenderun's Mystic Blast (dangerous; 2% risk of failure)
Confirm with . or Enter, or press ? or * to list all spells.
You erupt in a blast of force!
The mystic blast hits the small abomination.
The small abomination is lightly damaged.
The small abomination is knocked back by the mystic blast.
The small abomination slams into the translucent stone wall!
The small abomination is moderately damaged.
The mystic blast hits the large abomination!
The large abomination is severely damaged.
The large abomination is knocked back by the mystic blast.
The large abomination slams into the translucent stone wall!
The large abomination is severely damaged.
The large abomination hits you!!
You feel much better. The large abomination hits you!!
Unknown command.
You open the door. The large abomination hits you!!
You die...

W....▒..▒...▒▒x▒▒.▒..▒....▒.^▒:▒.
▒▒▒▒▒▒..▒▒▒▒▒▒▒▒▒▒▒..▒▒▒▒▒▒▒▒▒▒▒.
.................................
................................∩
.▒▒▒▒▒▒▒▒▒..▒▒▒▒▒▒▒▒▒..▒▒▒▒▒▒▒▒▒.
.▒▒.▒▒..▒▒..▒▒▒.xx▒▒▒..▒▒x▒x▒X▒▒.
.▒.▒..▒▒?▒..▒▒▒.x?▒▒▒..▒x▒x▒.▒.▒.
.▒.▒.▒.▒.▒▒▒▒..▒▒Xx▒▒▒▒▒▒x▒©▒[▒▒.
©▒▒.▒G.▒G▒©©▒..▒@▒X©▒©©▒X▒.▒.▒©▒.
.▒.▒▒.▒.G▒▒▒▒..'▒▒.▒▒▒▒▒▒.▒.▒)▒▒.
.▒▒..▒▒..▒..▒▒▒...▒▒▒..▒X▒.▒.▒!▒.
.▒.▒▒..▒▒▒..▒▒▒...▒▒▒..▒ .▒.▒ ▒▒.
.▒▒▒▒▒▒▒▒▒..▒▒▒▒▒▒▒▒▒..▒ ▒▒ ▒▒.
........................
........................
▒≈▒≈▒≈▒≈▒≈▒§▒≈▒§▒≈▒≈▒§▒≈ ▒▒▒▒▒▒▒▒
▒▒▒▒▒▒


You could see 2 large abominations and 4 small abominations.

Vanquished Creatures
  3 hydras
  A boulder beetle (Lair:3)
  A two-headed ogre (D:8)
  2 catoblepae
  4 death yaks (Lair:4)
  A bog body (Lair:3)
  15 elephants
  A guardian serpent (Lair:4)
  2 black mambas
  7 komodo dragons
  5 cane toads
  3 rime drakes
  A troll (D:6)
  Prince Ribbit (D:6)
  4 blink frogs (Lair:5)
  A small abomination (Gauntlet)
  5 wyverns
  34 yaks
  A basilisk (Lair:1)
  2 swamp worms (Lair:3)
  13 water moccasins
  A floating eye (Gauntlet)
  4 black bears
  An ice beast (D:7)
  2 sky beasts
  2 orc warriors
  9 wolves
  3 ogres
  2 centaurs (D:8)
  3 lemures (D:7)
  14 bullfrogs
  3 scorpions
  A water moccasin zombie (D:6)
  A water moccasin skeleton (D:5)
  6 howler monkeys
  An electric eel (Lair:3)
  A centaur zombie (D:5)
  A jelly (D:6)
  2 orc priests (D:7)
  A hound (D:4)
  A gnoll shaman (D:6)
  2 iguanas
  9 orc wizards
  A hound zombie (D:5)
  8 gnolls
  2 howler monkey skeletons
  6 adders
  A shadow imp (D:7)
  3 white imps
  4 worms
  5 dart slugs
  14 orcs
  6 endoplasms
  2 giant cockroaches
  11 goblins
  7 hobgoblins
  6 jackals
  2 quokkas (D:1)
  9 ball pythons
  A bat (D:1)
  4 frilled lizards
  11 kobolds
  A quokka zombie (D:3)
  6 rats
  2 fulminant prisms (Lair:3)
289 creatures vanquished.

Vanquished Creatures (collateral kills)
  Pikel (D:7)
  6 foxfires
7 creatures vanquished.

Vanquished Creatures (others)
  A komodo dragon (Lair:5)
  3 bushes (Lair:4)
  2 demonic plants (D:3)
  412 foxfires
  9 fulminant prisms
  33 fungi
  80 plants
  18 withered plants (Gauntlet)
558 creatures vanquished.

Grand Total: 854 creatures vanquished

Notes
Turn   | Place    | Note
-------+----------+-------------------------------------------
     0 | D:1      | RepoMan the Octopode Conjurer began the quest for the Orb.
     0 | D:1      | Reached XP level 1. HP: 11/11 MP: 3/3
   346 | D:1      | Found Tiseqi Lawu's Antique Weapon Emporium.
   354 | D:1      | Reached XP level 2. HP: 17/17 MP: 0/5
   361 | D:1      | Learned a level 2 spell: Searing Ray
   578 | D:1      | Found Ypuruyp's Distillery.
   691 | D:1      | Found Ziragg's Assorted Antiques.
   742 | D:1      | Found Raton's General Store.
   846 | D:1      | Reached XP level 3. HP: 21/21 MP: 4/6
   996 | D:1      | Reached skill level 5 in Conjurations
  1063 | D:1      | Found Alub's Weapon Shoppe.
  1649 | D:2      | Reached XP level 4. HP: 27/27 MP: 2/7
  2276 | D:3      | Found a snail-covered altar of Cheibriados.
  2322 | D:3      | Reached skill level 6 in Conjurations
  2322 | D:3      | Reached XP level 5. HP: 30/31 MP: 3/8
  2656 | D:3      | Noticed a sky beast
  2692 | D:3      | Killed a sky beast
  2693 | D:3      | Reached XP level 6. HP: 36/36 MP: 3/10
  2745 | D:3      | Reached skill level 7 in Conjurations
  2798 | D:3      | Found a faded altar of an unknown god.
  3807 | D:4      | Reached XP level 7. HP: 40/41 MP: 1/12
  3967 | D:4      | Reached skill level 8 in Conjurations
  4462 | D:4      | Found an ornate altar of the Wu Jian Council.
  4515 | D:4      | Found a blossoming altar of Fedhas.
  4517 | D:4      | Found a sparkling altar of Nemelex Xobeh.
  4544 | D:4      | Found a hide-covered altar of Uskayaw.
  4661 | D:5      | Entered Level 5 of the Dungeon
  4955 | D:5      | Reached XP level 8. HP: 35/46 MP: 6/14
  5173 | D:5      | Found a staircase to the Ecumenical Temple.
  5180 | Temple   | Entered the Ecumenical Temple
  5239 | D:5      | Reached skill level 9 in Conjurations
  5809 | D:1      | Bought a potion of lignification for 36 gold pieces
  5809 | D:1      | Bought a potion of curing for 36 gold pieces
  5838 | D:1      | Bought a scroll of fear for 38 gold pieces
  5838 | D:1      | Bought a potion of degeneration for 11 gold pieces
  6224 | D:6      | Noticed Prince Ribbit
  6233 | D:6      | Noticed a troll
  6234 | D:6      | Reached skill level 5 in Spellcasting
  6441 | D:6      | Found a glowing golden altar of the Shining One.
  6484 | D:6      | Noticed Edmund
  6523 | D:6      | Became a worshipper of the Shining One
  6619 | D:6      | Killed Prince Ribbit
  6620 | D:6      | Reached skill level 10 in Conjurations
  6723 | D:6      | Reached XP level 9. HP: 51/51 MP: 12/17
  6922 | D:6      | Killed a troll
  7851 | D:6      | Found an ancient bone altar of Kikubaaqudgha.
  7860 | D:6      | Found a shimmering blue altar of Sif Muna.
  7865 | D:6      | Reached skill level 11 in Conjurations
  7872 | D:6      | Found a radiant altar of Vehumet.
  7876 | D:6      | Got Vehumet's Compendium of Attacks
  7882 | D:6      | Learned a level 1 spell: Foxfire
  7887 | D:6      | Learned a level 4 spell: Fulminant Prism
  7892 | D:6      | Learned a level 4 spell: Iskenderun's Mystic Blast
  9149 | D:7      | Noticed Pikel
  9160 | D:7      | Killed Pikel
  9161 | D:7      | Reached skill level 12 in Conjurations
  9279 | D:7      | Found Gememoes's Book Shop.
  9364 | D:7      | Found an opulent altar of Gozag.
  9364 | D:7      | Found a white marble altar of Elyvilon.
  9364 | D:7      | Found a glowing silver altar of Zin.
  9452 | D:8      | Reached XP level 10. HP: 47/56 MP: 13/20
  9662 | D:8      | Noticed a two-headed ogre
  9671 | D:8      | Killed a two-headed ogre
  9672 | D:8      | Reached skill level 1 in Fighting
  9834 | D:8      | Found a staircase to the Lair.
 10433 | D:9      | Found a staircase to the Orcish Mines.
 10515 | D:7      | Bought a book of Minor Magic for 234 gold pieces
 10519 | D:7      | Learned a level 3 spell: Mephitic Cloud
 10573 | Lair:1   | Entered Level 1 of the Lair of Beasts
 10581 | Lair:1   | Noticed a black mamba
 10589 | Lair:1   | Killed a black mamba
 10685 | Lair:1   | Noticed a cane toad
 10696 | Lair:1   | Killed a cane toad
 10697 | Lair:1   | Reached skill level 1 in Air Magic
 10778 | Lair:1   | Reached skill level 13 in Conjurations
 11590 | Lair:1   | Noticed a cane toad
 11606 | Lair:1   | Killed a cane toad
 11732 | Lair:1   | Reached XP level 11. HP: 67/67 MP: 10/22
 12315 | Lair:2   | Learned a level 2 spell: Static Discharge
 12321 | Lair:2   | Learned a level 5 spell: Lightning Bolt
 13061 | Lair:3   | Noticed a boulder beetle
 13073 | Lair:3   | Reached skill level 1 in Shields
 13256 | Lair:3   | Noticed a four-headed hydra
 13267 | Lair:3   | Killed a four-headed hydra
 13267 | Lair:3   | Reached * piety under the Shining One
 13373 | Lair:3   | Noticed a five-headed hydra
 13518 | Lair:3   | Killed a five-headed hydra
 14119 | Lair:3   | Reached skill level 5 in Air Magic
 14396 | Lair:3   | Noticed a catoblepas
 14439 | Lair:3   | Killed a catoblepas
 14440 | Lair:3   | Reached skill level 5 in Fighting
 14670 | Lair:3   | Reached XP level 12. HP: 61/77 MP: 15/24
 15737 | Lair:3   | Killed a boulder beetle
 16107 | Lair:3   | Found a staircase to the Swamp.
 16620 | Lair:4   | Noticed a four-headed hydra
 16625 | Lair:4   | Killed a four-headed hydra
 17263 | Lair:4   | Found a staircase to the Snake Pit.
 17533 | Lair:4   | Noticed a death yak
 17723 | Lair:4   | Reached skill level 5 in Shields
 18034 | Lair:4   | Noticed a catoblepas
 18214 | Lair:4   | Killed a catoblepas
 18215 | Lair:4   | Reached XP level 13. HP: 62/86 MP: 1/26
 18432 | Lair:4   | Reached skill level 14 in Conjurations
 18669 | Lair:4   | Reached skill level 10 in Spellcasting
 18821 | Lair:4   | Reached ** piety under the Shining One
 19151 | Lair:4   | Reached skill level 10 in Air Magic
 19736 | D:7      | Bought a book of Storms for 416 gold pieces
 19742 | D:7      | Learned a level 4 spell: Airstrike
 19747 | D:7      | Learned a level 4 spell: Summon Lightning Spire
 20062 | Lair:5   | Reached skill level 1 in Invocations
 20159 | Lair:5   | Found a gate leading to a gauntlet.
 20210 | Gauntlet | Entered a Gauntlet
 20210 | Gauntlet | Found a transporter.
 20210 | Gauntlet | Found a transporter.
 20210 | Gauntlet | Found a transporter.
 20211 | Gauntlet | Found a transporter.
 20212 | Gauntlet | Found a transporter.
 20215 | Gauntlet | Found a transporter.
 20219 | Gauntlet | Found a runed translucent door.
 20221 | Gauntlet | Found a runed translucent door.
 20223 | Gauntlet | Found a transporter.
 20223 | Gauntlet | Found a transporter.
 20226 | Gauntlet | Found a transporter.
 20226 | Gauntlet | Found a transporter.
 20234 | Gauntlet | Found a transporter.
 20238 | Gauntlet | Found a transporter.
 20319 | Gauntlet | Paralysed by a floating eye for 3 turns
 20343 | Gauntlet | Paralysed by a floating eye for 3 turns
 20446 | Gauntlet | Slain by a large abomination

Illustrated notes

Levels and vault maps discovered:
D:1:      minmay_arrival_four_loops, layout_rooms, serial_shops,
          nicolae_shop_stone, nicolae_lakefront_shop, nicolae_shop_waterfront,
          nicolae_shop_stone, nicolae_shop_bloodbath_and_beyond
D:2:      layout_basic, kennysheep_generic_room_11
D:3:      minmay_inner_zag, layout_basic, lemuel_crystal_altar,
          dreamdust_ecumenical_altar_sealed_demon, nicolae_wormholes
D:4:      layout_rooms, mainiacjoe_overflow_alcove_1,
          gammafunk_temple_overflow_pools, nicolae_uskayaw_suspiria
D:5:      layout_loops_ring, minmay_temple_entry_mini_moons
D:6:      layout_basic, palyth_temple_overflow_mages, overflow_temple_1_default,
          corexii_shack, uniq_prince_ribbit1, uniq_edmund
D:7:      layout_basic, gammafunk_temple_overflow_forgotten, serial_shops,
          nicolae_shop_hallway_plus, uniq_pikel
D:8:      layout_gridville, lair_entry_dummy, grunt_ogre_cave,
          minmay_misc_feat_hallway
D:9:      layout_stronghold, orc_0_dummy, ebering_ghost_gozag
Temple:   eino_temple_lava
Lair:1:   layout_chaotic_city, infiniplex_staircase_pool_2, serial_bayou_shore_a
Lair:2:   layout_regular_city, minmay_stone_trees_small
Lair:3:   layout_loops_ring, nicolae_swamp_entry_splash_gauntlet
Lair:4:   layout_cave_pods, minmay_snake_entry_spellcaster, enter_volcano_2,
          nicolae_lair_grazing_beasts [nicolae_sub_lair_graze_edge,
          nicolae_sub_lair_graze_edge, nicolae_sub_lair_graze_edge,
          nicolae_sub_lair_graze_edge]
Lair:5:   layout_roguey, minmay_slime_entry_oklob_enclosed,
          gauntlet_entry_generic, uniq_nessos
Gauntlet: minmay_gauntlet_mixed_big_or_small [gammafunk_gauntlet_arena_hedges,
          minmay_gauntlet_arena_77_mess, gammafunk_gauntlet_arena_crates,
          minmay_gauntlet_arena_77_cramped,
          gammafunk_gauntlet_arena_arrow_garden,
          minmay_gauntlet_arena_77_checkered, gauntlet_exit_watery]

Skill      XL: |  1  2  3  4  5  6  7  8  9 10 11 12 13 |
---------------+----------------------------------------+-----
Conjurations   | 5 6 7 8 10 12 13 14 | 14.0
Spellcasting   | 3 4 5 7 8 9 10 | 10.0
Fighting       | 3 5 7 |  7.9
Dodging        | 4 |  4.4
Air Magic      | 2 6 9 10 | 10.5
Shields        | 4 5 6 |  6.0
Invocations    | 1 |  1.6
Stealth        | |  2.6

Action                   |  1- 3 |  4- 6 |  7- 9 | 10-12 | 13-15 || total
-------------------------+-------+-------+-------+-------+-------++-------
Melee: Whip              |       |     7 |    15 |    37 |     9 ||    68
       Constrict         |       |     2 |     7 |     6 |     3 ||    18
       Tentacles         |       |     1 |     5 |    17 |     5 ||    28
       Punch             |       |     1 |       |     2 |       ||     3
Throw: Throwing net      |       |       |       |     1 |       ||     1
 Cast: Magic Dart        |    72 |   116 |   232 |    17 |       ||   437
       Searing Ray       |       |     3 |    20 |     2 |       ||    25
       Foxfire           |       |       |    11 |   227 |     6 ||   244
       Fulminant Prism   |       |       |     3 |     8 |       ||    11
       Iskenderun's Myst |       |       |       |    62 |    16 ||    78
       Mephitic Cloud    |       |       |       |    43 |    16 ||    59
       Lightning Bolt    |       |       |       |    46 |    23 ||    69
       Airstrike         |       |       |       |       |     3 ||     3
Evoke: Wand              |       |       |     2 |    28 |     4 ||    34
  Use: Scroll            |       |       |     9 |    12 |     4 ||    25
       Potion            |       |       |       |     1 |     2 ||     3
Armor: Skin              |       |       |     2 |     7 |     2 ||    11
Dodge: Dodged            |     1 |    12 |    36 |    60 |    15 ||   124
Block: Buckler           |       |       |       |    14 |     3 ||    17
